 Dungeon Crawl Stone Soup version 0.18.1-48-g4cf74bf (console) character file.

129 Kloppie the Chopper (level 5, 0/48 HPs)
             Began as a Hill Orc Berserker on July 13, 2016.
             Was a Priest of Trog.
             Succumbed to Terence's poison
             ... on level 2 of the Dungeon.
             The game lasted 00:03:14 (1907 turns).

Kloppie the Chopper (Hill Orc Berserker)            Turns: 1907, Time: 00:03:14

Health: 0/48       AC:  4    Str: 20    XL:     5   Next: 12%
Magic:  5/5        EV: 12    Int:  7    God:    Trog [***...]
Gold:   73         SH:  0    Dex: 11    Spells: 0 memorised, 4 levels left

rFire  . . .     SeeInvis .     a - +0 hand axe
rCold  . . .     Gourm    .     b - +0 animal skin
rNeg   . . .     Faith    .     (no shield)
rPois  .         Spirit   .     m - +1 helmet
rElec  .         Dismiss  .     (no cloak)
rCorr  .         Reflect  .     (no gloves)
SustAt .         Harm     .     (no boots)
MR     .....                    (no amulet)
Stlth  +.........               (no ring)
                                (no ring)

@: lethally poisoned (0 -> -45), exhausted, slowed, very slow, not resistant to
hostile enchantments, very unstealthy
A: no striking features
a: Berserk, Trog's Hand, Burn Spellbooks, Renounce Religion


You were on level 2 of the Dungeon.
You worshipped Trog.
Trog was most pleased with you.
You were very hungry.

You visited 1 branch of the dungeon, and saw 2 of its levels.

You collected 73 gold pieces.

Inventory:

Hand Weapons
 a - a +0 hand axe (weapon)
Armour
 b - a +0 animal skin (worn)
 m - a +1 helmet (worn)
Scrolls
 d - a scroll of remove curse {unknown}
 e - a scroll of enchant weapon {unknown}
 h - a scroll of enchant armour {unknown}
 j - a scroll of magic mapping {unknown}
 k - a scroll of immolation {unknown}
 n - 2 scrolls of identify {unknown}
Potions
 g - 2 potions of brilliance {unknown}
 i - a potion of magic {unknown}
Comestibles
 c - a bread ration
 f - 3 fruits
 o - a meat ration
 p - a slice of pizza


   Skills:
 + Level 5.1 Fighting
 + Level 5.2 Axes
 + Level 3.5 Armour
 - Level 1.5 Dodging


You had 4 spell levels left.
You didn't know any spells.

Dungeon Overview and Level Annotations

Branches:
Dungeon (2/15)

Altars:


Message History

Something hits you!
* * * LOW HITPOINT WARNING * * *
You are more poisoned.
You slash something! Trog accepts your kill.
Reactivating autopickup.
You have reached level 5!
You feel stronger.
You feel a bit more experienced.
* * * LOW HITPOINT WARNING * * *
You feel very sick.
You are too berserk!
* * * LOW HITPOINT WARNING * * *
You feel sick.
You feel a strong urge to attack something.
You are no longer berserk.
You are exhausted.
You feel yourself slow down.
You are feeling very hungry.
You die...

.........#.........########
.##.....##.........#
#...........#.##.#
#.......(#..#.##.#
#.....####..#.##.# #.....#
#..#.##.# ......# #.......#
##.....# ####.####
#....@).# #.##.##.# # ...#
# #..### #?. #. . ##


There were no monsters in sight!

Vanquished Creatures
  Terence (D:2)
  Robin (D:2)
  3 adders (D:2)
  A worm (D:2)
  2 dart slugs (D:1)
  A giant cockroach (D:1)
  15 goblins
  12 hobgoblins
  2 kobolds (D:1)
  2 ball pythons
  9 bats
  3 giant newts (D:2)
  5 rats
57 creatures vanquished.

Notes
Turn   | Place    | Note
--------------------------------------------------------------
     0 | D:1      | Kloppie the Hill Orc Berserker began the quest for the Orb.
     0 | D:1      | Reached XP level 1. HP: 19/19 MP: 1/1
    98 | D:1      | Reached XP level 2. HP: 21/27 MP: 2/2
   637 | D:1      | Reached XP level 3. HP: 27/34 MP: 3/3
   655 | D:1      | Reached ** piety under Trog
  1005 | D:2      | Noticed Robin
  1020 | D:2      | Killed Robin
  1026 | D:2      | Reached XP level 4. HP: 35/41 MP: 4/4
  1492 | D:2      | Reached *** piety under Trog
  1528 | D:2      | Reached skill level 5 in Fighting
  1528 | D:2      | Reached skill level 5 in Axes
  1888 | D:2      | Noticed Terence
  1905 | D:2      | Killed Terence
  1905 | D:2      | Reached XP level 5. HP: 9/48 MP: 5/5
  1907 | D:2      | Succumbed to Terence's poison

Skill      XL: |  1  2  3  4 |
---------------+-------------+-----
Fighting       | 4 5 |  5.1
Armour         | 3 |  3.5
Axes           | 5 |  5.2
Dodging        | |  1.5

Action                   |  1- 3 |  4- 6 || total
-------------------------+-------+-------++-------
Melee: Hand axe          |    90 |    77 ||   167
Invok: Berserk           |     1 |     3 ||     4
  Eat: Chunk             |       |     6 ||     6
Armor: Animal skin       |    17 |    16 ||    33
Dodge: Dodged            |    73 |    25 ||    98
